 Dungeon Crawl Stone Soup version 0.21.1-1-g345015fe64 (webtiles) character file.

420 HooM the Chopper (level 6, -6/55 HPs)
             Began as a Hill Orc Fighter on Mar 14, 2018.
             Was a Follower of Beogh.
             Mangled by an ogre
             ... wielding a +0 giant spiked club
              (14 damage)
             ... on level 4 of the Dungeon.
             The game lasted 00:16:30 (2237 turns).

HooM the Chopper (Hill Orc Fighter)                 Turns: 2237, Time: 00:16:32

Health: -6/55      AC: 10    Str: 21    XL:     6   Next: 94%
Magic:  6/6        EV:  5    Int:  8    God:    Beogh [*.....]
Gold:   140        SH:  9    Dex: 10    Spells: 5/5 levels left

rFire    . . .     SeeInvis +   a - +0 war axe
rCold    . . .     Gourm    +   c - +0 shield
rNeg     . . .     Faith    .   v - +0 chain mail
rPois    .         Spirit   .   x - +0 helmet
rElec    .         Reflect  .   (no cloak)
rCorr    .         Harm     .   (no gloves)
MR       +....                  (no boots)
Stlth    ..........             w - amulet of the gourmand
HPRegen  0.18/turn              g - ring of see invisible
MPRegen  0.10/turn              t - ring of protection from magic

@: no status effects
A: no striking features
a: Renounce Religion


You were on level 4 of the Dungeon.
You worshipped Beogh.
Beogh was aware of your devotion.
You were not hungry.

You visited 1 branch of the dungeon, and saw 4 of its levels.

You collected 140 gold pieces.

Inventory:

Hand Weapons
 a - a +0 war axe (weapon)
Missiles
 e - 163 stones (quivered)
Armour
 c - a +0 shield (worn)
 v - a +0 chain mail (worn)
 x - a +0 helmet (worn)
Jewellery
 g - a ring of see invisible (left hand)
 t - a ring of protection from magic (right hand)
 w - an amulet of the gourmand (around neck)
Wands
 n - a wand of random effects (39)
Scrolls
 i - 2 scrolls of noise {unknown}
 l - a scroll of enchant armour
 p - a scroll of enchant weapon
 r - a scroll of magic mapping
 y - a scroll of teleportation {unknown}
 z - a scroll of remove curse {unknown}
Potions
 b - a potion of lignification {unknown}
 d - a potion of might
 h - 2 potions of ambrosia {unknown}
 j - a potion of magic {unknown}
 k - a potion of degeneration {unknown}
 m - 2 potions of heal wounds {unknown}
 o - a potion of curing {unknown}
 q - 2 potions of mutation {unknown}
 s - 2 potions of brilliance {unknown}
 u - 2 potions of flight {unknown}
Comestibles
 f - 5 rations


   Skills:
 + Level 4.8 Fighting
 + Level 6.3 Axes
 + Level 0.5 Throwing
 + Level 4.6 Armour
 - Level 0.3 Stealth
 + Level 4.8 Shields


You had 5 spell levels left.
You didn't know any spells.

Dungeon Overview and Level Annotations

Branches:
Dungeon (4/15)
 Temple: D:4-7

Altars:
Kikubaaqudgha
Zin


Message History

The ogre hits you with a giant spiked club.
The worker ant bites you.
You slash the ogre!
The ogre is severely wounded.
You hit the worker ant. You block the worker ant's attack.
The ogre hits you with a giant spiked club!
You block the worker ant's attack.
You hit the ogre.
The ogre is almost dead.
You hit the worker ant.
The ogre hits you with a giant spiked club!!
* * * LOW HITPOINT WARNING * * *
You block the worker ant's attack.
You barely miss the ogre.
The ogre is almost dead.
You hit the worker ant.
You kill the worker ant!
Beogh accepts your kill.
The ogre hits you with a giant spiked club!
You die...

# ###.##
#@†..#
#...O....#
#...#(...#
#.#.#......
..#.# .....
...#.#
##### ...
#.. ....
.%.


You could see an ogre.

Vanquished Creatures
  The ghost of framaz the Covered, an amateur MiFi (D:3)
  A bullfrog (D:3)
  An orc wizard (D:3)
  Ijyb (D:3)
  Terence (D:2)
  A worker ant (D:4)
  Robin (D:2)
  5 adders
  An ooze (D:1)
  3 worms (D:2)
  4 dart slugs (D:1)
  4 leopard geckos
  4 orcs (D:3)
  8 bats
  8 giant cockroaches
  14 goblins
  10 hobgoblins
  10 kobolds
  A quokka (D:2)
  A frilled lizard (D:1)
  8 rats
88 creatures vanquished.

Vanquished Creatures (others)
  An orc priest (D:3)
  2 orcs (D:3)
  A giant cockroach (D:3)
4 creatures vanquished.

Grand Total: 92 creatures vanquished

Notes
Turn   | Place    | Note
-------+----------+-------------------------------------------
     0 | D:1      | HooM the Hill Orc Fighter began the quest for the Orb.
     0 | D:1      | Reached XP level 1. HP: 19/19 MP: 1/1
   175 | D:1      | Reached XP level 2. HP: 25/27 MP: 2/2
   394 | D:1      | Reached skill level 3 in Axes
   413 | D:1      | Reached XP level 3. HP: 33/33 MP: 3/3
   856 | D:2      | Reached XP level 4. HP: 36/40 MP: 4/4
   876 | D:2      | Noticed Terence
   894 | D:2      | Killed Terence
   894 | D:2      | Reached skill level 4 in Axes
  1008 | D:2      | Found an ancient bone altar of Kikubaaqudgha.
  1224 | D:2      | Reached XP level 5. HP: 40/46 MP: 5/5
  1265 | D:2      | Noticed Robin
  1276 | D:2      | Killed Robin
  1344 | D:3      | Became a worshipper of Beogh the Brigand
  1443 | D:3      | Found a glowing silver altar of Zin.
  1533 | D:3      | Noticed Ijyb
  1566 | D:3      | Killed Ijyb
  1566 | D:3      | Reached skill level 5 in Axes
  1666 | D:3      | Reached XP level 6. HP: 39/53 MP: 6/6
  1785 | D:3      | Noticed framaz's ghost (amateur MiFi)
  1994 | D:3      | Killed framaz's ghost
  1994 | D:3      | Reached skill level 6 in Axes
  2237 | D:4      | Reached * piety under Beogh
  2237 | D:4      | Mangled by an ogre

Skill      XL: |  1  2  3  4  5  6 |
---------------+-------------------+-----
Axes           | 3 4 5 6 |  6.3
Fighting       | 4 |  4.8
Shields        | 4 |  4.8
Armour         | 4 |  4.6
Throwing       | |  0.5
Stealth        | |  0.3

Action                   |  1- 3 |  4- 6 || total
-------------------------+-------+-------++-------
Melee: War axe           |   130 |   222 ||   352
Throw: Stone             |     9 |    27 ||    36
Invok: Convert to Beogh  |       |     1 ||     1
  Use: Scroll            |       |     5 ||     5
  Eat: Chunk             |       |    12 ||    12
Armor: Scale mail        |    83 |    57 ||   140
       Chain mail        |       |    37 ||    37
Dodge: Dodged            |    53 |    41 ||    94
Block: Shield            |    76 |    99 ||   175
